 Dungeon Crawl Stone Soup version 0.29.1-1-gd02db6906a (webtiles) character file.

Game seed: 9603329295595461511

26 Icepheonix32 the Caller (level 3, -2/24 HPs)
             Began as a Merfolk Summoner on Oct 10, 2022.
             Killed from afar by Natasha (4 damage)
             ... with a magic dart
             ... on level 2 of the Dungeon.
             The game lasted 00:02:01 (1303 turns).

Icepheonix32 the Caller (Merfolk Summoner)          Turns: 1303, Time: 00:02:02

Health: -2/24      AC:  2    Str:  8    XL:     3   Next: 8%
Magic:  2/6        EV: 12    Int: 16    God:
Gold:   58         SH:  0    Dex: 14    Spells: 0/6 levels left

rFire   . . .      SeeInvis .   d - +0 club
rCold   . . .      Faith    .   (no shield)
rNeg    . . .      Spirit   .   a - +0 robe
rPois   .          Reflect  .   (no helmet)
rElec   .          Harm     .   (no cloak)
rCorr   .          Rampage  .   (no gloves)
Will    .....                   (no boots)
Stlth   ++........              (no amulet)
HPRegen 0.08/turn               (no ring)
MPRegen 0.10/turn               (no ring)

@: invisible
A: (nimble swimmer 2), mertail
a: no special abilities


You were on level 2 of the Dungeon.
You visited 1 branch of the dungeon, and saw 2 of its levels.

You collected 58 gold pieces.

Inventory:

Hand Weapons
 d - a +0 club (weapon)
Armour
 a - a +0 robe (worn)
 e - a +0 scale mail of poison resistance
Potions
 b - a potion of magic


   Skills:
 - Level 2.6 Dodging
 - Level 2.1 Stealth
 - Level 2.0 Spellcasting
 + Level 4.9 Summonings


You couldn't memorise any spells.
You knew the following spells:

 Your Spells              Type           Power      Damage    Failure   Level
a - Summon Small Mammal   Summ           68%        N/A       2%          1
b - Call Imp              Summ           17%        N/A       4%          2
c - Call Canine Familiar  Summ           17%        N/A       9%          3

Your spell library contained the following spells:

 Spells                   Type           Power      Damage    Failure   Level
 Shock                    Conj/Air       4%         1d3       21%         1
 Summon Guardian Golem    Hex/Summ       9%         N/A       22%         3
 Swiftness                Air            1%         N/A       52%         3
 Summon Lightning Spire   Summ/Air       9%         N/A       58%         4
 Airstrike                Air            0%         2d(1-17)  90%         4


Dungeon Overview and Level Annotations

Branches:
Dungeon (2/15)

Altars:

Annotations:
D:2 Natasha


Innate Abilities, Weirdness & Mutations

((You are very nimble when in or above water. (Stealth+, EV+, Speed+++)))
Your lower body shifts to a powerful aquatic tail in water.


Message History

The white imp is lightly wounded.
Natasha barely misses you.
The white imp hits you but does no damage.
Your crimson imp hits the white imp but does no damage.
Your hound bites Natasha.
You hit Natasha but do no damage.
Natasha is moderately wounded.
Your hound barely misses Natasha.
Natasha barely misses you. The white imp closely misses you.
Your crimson imp blinks!
Your hound barely misses Natasha.
Natasha claws you.
You closely miss Natasha.
Natasha is moderately wounded.
Your crimson imp blinks!
The white imp barely misses you.
Your hound bites Natasha.
Natasha claws you but does no damage. The white imp gestures at you.
The puff of frost hits you!
* * * LOW HITPOINT WARNING * * *
Your hound bites Natasha.
Your hound closely misses Natasha.
The white imp hits your hound. The white imp freezes your hound.
You hit Natasha.
Natasha is heavily wounded.
Your hound barely misses Natasha.
Natasha claws you but does no damage.
Your hound barely misses Natasha.
The white imp closely misses your hound.
Unknown command.
You fade into invisibility!
You feel your willpower return.
Your hound closely misses Natasha.
Natasha claws you.
* * * LOW HITPOINT WARNING * * *
The white imp closely misses your hound.
Your hound bites Natasha but does no damage.
Unknown command.
Natasha attacks as you move away! Natasha barely misses you.
Found a ring mail.
Your hound barely misses Natasha.
The white imp gestures at your hound.
Natasha stares at you and mumbles some strange words.
The magic dart hits you.
You die...

[. #. # #. ..
##.# ...#...##
........##
.........#####
.....5.@h<...#
##.......h5..#
#......###..#
...#...## ..#
......# .#
...... ##
...... ......


You could see Natasha (ally target), a white imp (summoned, unable to see you),
a friendly hound (summoned) and a friendly crimson imp (summoned).

Vanquished Creatures
  A ball python (D:1)
  A bat (D:1)
  An endoplasm (D:1)
  A hobgoblin (D:1)
  2 jackals (D:1)
  3 goblins (D:1)
9 creatures vanquished.

Vanquished Creatures (collateral kills)
  A bat (D:1)
  An endoplasm (D:1)
  A goblin (D:1)
  2 hobgoblins
  4 jackals (D:1)
  2 kobolds (D:1)
  A rat (D:1)
12 creatures vanquished.

Grand Total: 21 creatures vanquished

Notes
Turn   | Place    | Note
-------+----------+-------------------------------------------
     0 | D:1      | Icepheonix32 the Merfolk Summoner began the quest for the
                  | Orb.
     0 | D:1      | Reached XP level 1. HP: 13/13 MP: 3/3
    64 | D:1      | Found a faded altar of an unknown god.
    68 | D:1      | Noticed a shining eye
    86 | D:1      | Noticed a shining eye
   242 | D:1      | Noticed a floating eye
   246 | D:1      | Noticed a floating eye
   250 | D:1      | Reached XP level 2. HP: 19/19 MP: 5/5
   844 | D:1      | Reached XP level 3. HP: 21/24 MP: 3/6
   847 | D:1      | Learned a level 2 spell: Call Imp
   851 | D:1      | Learned a level 3 spell: Call Canine Familiar
  1293 | D:2      | Noticed Natasha
  1303 | D:2      | Killed from afar by Natasha

Illustrated notes

Levels and vault maps discovered:
D:1:      eino_arrival_cavern_b, layout_basic,
          hellmonk_ecumenical_altar_watching_god,
          minmay_misc_feat_secret_circle, hangedman_decor_push
D:2:      layout_loops_cross, serial_shops, nicolae_shop_stone,
          kennysheep_generic_room_11, uniq_natasha

Action                   || total
-------------------------++-------
Melee: Unarmed           ||     8
       Club              ||    53
       Punch             ||     1
 Cast: Summon Small Mamm ||    18
       Call Imp          ||     2
       Call Canine Famil ||     1
  Use: Scroll            ||     3
       Potion            ||     1
 Stab: Sleeping          ||     1
       Distracted        ||     1
Armor: Robe              ||    25
Dodge: Dodged            ||    61
